 Dungeon Crawl Stone Soup version 0.17-a0-989-gada8a91 (webtiles) character file.

972 Jine the Ruffian (level 7, -3/71 HPs)
             Began as a Troll Monk on May 12, 2015.
             Killed by divine providence
             ... invoked by an orc priest
              (13 damage)
             ... on level 5 of the Dungeon.
             The game lasted 00:21:09 (4245 turns).

Jine the Ruffian (Troll Monk)                       Turns: 4245, Time: 00:21:09

Health: -3/71      AC:  5    Str: 22    XL:     7   Next: 94%
Magic:  6/6        EV: 12    Int: 11    God:
Gold:   204        SH:  0    Dex: 12    Spells: 0 memorised, 6 levels left

rFire  + . .     SeeInvis +       - Unarmed
rCold  x . .     Clarity  .     a - +0 robe
rNeg   . . .     SustAb   .     (no shield)
rPois  .         Gourm    +     (helmet restricted)
rElec  .         Spirit   .     (no cloak)
rCorr  .         Warding  .     (gloves unavailable)
rMut   .         Stasis   .     (boots unavailable)
MR     .....                    (no amulet)
Stlth  +.........               f - ring of see invisible
                                o - ring of fire

@: brilliant, very slightly contaminated, hasted and slowed, not resistant to
hostile enchantments, very unstealthy
A: unfitting armour, claws 3, fast metabolism 3, gourmand, regeneration 2,
shaggy fur 1, tough skin 2
a: no special abilities


You were on level 5 of the Dungeon.
You were not hungry.

You visited 1 branch of the dungeon, and saw 5 of its levels.

You collected 204 gold pieces.

Inventory:

Missiles
 i - 4 tomahawks of returning (quivered)
Armour
 a - a +0 robe (worn)
 p - a cursed -1 centaur barding
Jewellery
 f - a ring of see invisible (right claw)
 o - a ring of fire (left claw)
 q - an uncursed amulet of resist mutation {unknown}
 s - an uncursed ring of protection from cold {unknown}
Magical devices
 u - a wand of hasting (3)
 v - a wand of enslavement (14)
 y - a wand of random effects (22)
 B - a wand of enslavement (18)
Scrolls
 c - 6 scrolls of identify {unknown}
 d - 3 scrolls of blinking {unknown}
 g - 2 scrolls of teleportation {unknown}
 h - 3 scrolls of fear {unknown}
 m - 3 scrolls of remove curse {unknown}
 n - 2 scrolls of amnesia {unknown}
 r - 2 scrolls of recharging {unknown}
 C - a scroll of fog {unknown}
 E - a scroll of magic mapping {unknown}
Potions
 k - a potion of brilliance
 l - 3 potions of might {unknown}
 A - a potion of berserk rage {unknown}
 D - a potion of curing {unknown}
Books
 j - a book of Debilitation

   Spells                             Type                      Level
   a - Corona                         Hexes                        1
   b - Slow                           Hexes                        2
   c - Gell's Gravitas                Hexes/Translocation          3
   d - Inner Flame                    Hexes/Fire                   3
   e - Cause Fear                     Hexes                        4
   f - Leda's Liquefaction            Hexes/Earth                  4
Comestibles
 b - 6 bread rations
 t - a meat ration
 z - 4 fruits


   Skills:
 + Level 4.3 Fighting
 + Level 0.8 Throwing
 + Level 5.5 Dodging
 - Level 1.1 Stealth
 + Level 6.5 Unarmed Combat


You had 6 spell levels left.
You didn't know any spells.

Dungeon Overview and Level Annotations

Branches:
Dungeon (5/15)
 Temple: D:4-7

Altars:
Ashenzari
Cheibriados
Qazlal
Ru
Yredelemnul
The Shining One


Innate Abilities, Weirdness & Mutations

You are too large for most types of armour.
You have claws for hands.
Your metabolism is lightning-fast.
You like to eat raw meat.
You heal very quickly.
You are covered in fur (AC +1).
You have very tough skin (AC +2).


Message History

* * * LOW HITPOINT WARNING * * *
Your orc wizard barely misses the orc.
The orc wizard is no longer bleeding.
The gnoll hits your orc wizard but does no damage.
The gnoll hits your orc wizard with a spear.
The orc wizard points at you and mumbles some strange words.
You resist with some effort.
Your orc wizard completely misses the orc.
The gnoll hits your orc wizard with a spear!
Your orc wizard dies!
The gnoll looks more experienced.
The orc priest mumbles some strange prayers to Beogh against you.
Something smites you!
* * * LOW HITPOINT WARNING * * *
The orc wizard barely misses you.
The orc wizard gestures wildly while chanting.
The orc wizard seems to speed up.
The orc priest mumbles some strange prayers to Beogh against you.
Something smites you!
You die...

#..... ....g.#
.......##
......g)##
#.g..### ###ogo.#
##o..# #...# ##
#@..# .## ##..#.#
..# ###..#### ..#
####...##
..########.....##
...##......#####
........####
###...### # ##..#


You could see an orc priest, an orc wizard, 2 gnolls and an orc.

Vanquished Creatures
  The ghost of Herrn the Covered, an experienced FoFi (D:4)
  2 ogres (D:4)
  A scorpion (D:4)
  A centaur zombie (D:5)
  A crimson imp (D:5)
  An orc priest (D:4)
  2 orc wizards
  A hound (D:5)
  A centaur skeleton (D:5)
  Terence (D:3)
  Natasha (thrice) (D:2)
  A worker ant (D:4)
  5 adders
  4 gnolls (D:2)
  An ooze (D:1)
  A worm (D:2)
  4 giant geckos
  9 orcs
  7 goblins
  7 hobgoblins
  9 kobolds
  2 quokkas
  A ball python (D:2)
  12 bats
  3 giant cockroaches
  3 giant newts (D:2)
  2 jackals (D:1)
  10 rats
96 creatures vanquished.

Vanquished Creatures (others)
  An orc wizard (D:5)
1 creature vanquished.

Grand Total: 97 creatures vanquished

Notes
Turn   | Place    | Note
--------------------------------------------------------------
     0 | D:1      | Jine the Troll Monk began the quest for the Orb.
     0 | D:1      | Reached XP level 1. HP: 22/22 MP: 0/0
   205 | D:1      | Reached XP level 2. HP: 29/29 MP: 1/1
   808 | D:2      | Reached XP level 3. HP: 36/36 MP: 2/2
  1353 | D:2      | Noticed Natasha
  1357 | D:2      | Killed Natasha
  1357 | D:2      | Reached XP level 4. HP: 44/44 MP: 3/3
  1393 | D:2      | Reached skill level 5 in Unarmed Combat
  1535 | D:2      | Noticed Natasha
  1538 | D:2      | Killed Natasha
  1768 | D:2      | Noticed Natasha
  1775 | D:2      | Killed Natasha
  1854 | D:3      | Found a basalt altar of Yredelemnul.
  1874 | D:3      | Reached XP level 5. HP: 53/53 MP: 4/4
  1932 | D:3      | Noticed Terence
  1940 | D:3      | Killed Terence
  2535 | D:4      | Noticed Herrn's ghost (experienced FoFi)
  2551 | D:4      | Killed Herrn's ghost
  2551 | D:4      | Reached XP level 6. HP: 13/62 MP: 5/5
  2660 | D:4      | Noticed an ogre
  2668 | D:4      | Killed an ogre
  2668 | D:4      | Reached skill level 6 in Unarmed Combat
  2668 | D:4      | Reached XP level 7. HP: 39/70 MP: 6/6
  2692 | D:4      | Found a snail-covered altar of Cheibriados.
  2744 | D:4      | Found a shattered altar of Ashenzari.
  3029 | D:4      | Found a sacrificial altar of Ru.
  3029 | D:4      | Found a glowing golden altar of the Shining One.
  3517 | D:4      | Reached skill level 5 in Dodging
  3636 | D:5      | Entered Level 5 of the Dungeon
  3951 | D:5      | Found a stormy altar of Qazlal.
  3961 | D:5      | Noticed a water elemental
  3969 | D:5      | Noticed an air elemental
  3970 | D:5      | Noticed a fire elemental
  4245 | D:5      | Killed from afar by an orc priest

Vault maps used:
D:1:      lemuel_arrival_hallway
D:2:      minmay_door_path, uniq_natasha
D:3:      lemuel_round_altar, uniq_terence
D:4:      kennysheep_little_box, gammafunk_temple_overflow_elements,
          first_bread, cheibriados_altar_1
D:5:      nicolae_qazlal_style_of_elements, xom_butterflies

Action                   |  1- 3 |  4- 6 |  7- 9 || total
-------------------------+-------+-------+-------++-------
Melee: Unarmed           |    78 |    95 |    72 ||   245
Throw: Tomahawk          |       |     1 |       ||     1
Evoke: Wand              |       |       |     1 ||     1
  Use: Potion            |       |       |     4 ||     4
 Stab: Sleeping          |     3 |       |       ||     3
       Distracted        |     1 |       |       ||     1
  Eat: Meat ration       |     1 |       |       ||     1
       Beef jerky        |     1 |       |       ||     1
       Bread ration      |     1 |       |       ||     1
       Chunk             |       |    14 |    12 ||    26
       Fruit             |       |       |     1 ||     1
